 Dungeon Crawl Stone Soup version 0.26-a0-812-g31a745ddcd (webtiles) character file.

Game seed: 3898991533471141142

127 nicanaca0 the Sneak (level 4, 0/21 HPs)
             Began as a Spriggan Enchanter on Nov 22, 2020.
             Slain by an orc wizard
             ... wielding a +0 dagger
              (4 damage)
             ... on level 3 of the Dungeon.
             The game lasted 00:04:51 (2127 turns).

nicanaca0 the Sneak (Spriggan Enchanter)            Turns: 2127, Time: 00:04:52

Health: 0/21       AC:  2    Str:  4    XL:     4   Next: 85%
Magic:  1/10       EV: 18    Int: 17    God:
Gold:   123        SH:  0    Dex: 16    Spells: 4/10 levels left

rFire    . . .     SeeInvis +   a - +1 dagger
rCold    . . .     Faith    .   (shield restricted)
rNeg     . . .     Spirit   .   b - +0 robe
rPois    +         Reflect  .   (helmet restricted)
rElec    .         Harm     .   (no cloak)
rCorr    .         Rampage  .   (gloves unavailable)
MR       .....                  (boots unavailable)
Stlth    +++.......             (no amulet)
HPRegen  0.07/turn              i - ring of poison resistance
MPRegen  0.12/turn              (no ring)

@: very quick
A: very small, unfitting armour, see invisible, speed 3
a: no special abilities


You were on level 3 of the Dungeon.
You visited 1 branch of the dungeon, and saw 4 of its levels.

You collected 123 gold pieces.

Inventory:

Hand Weapons
 a - a +1 dagger (weapon)
Missiles
 j - 5 boomerangs of dispersal (quivered)
Armour
 b - a +0 robe (worn)
Jewellery
 i - a ring of poison resistance (left hand)
Wands
 g - a wand of random effects (17)
Scrolls
 c - 4 scrolls of identify {unknown}
 d - 2 scrolls of remove curse {unknown}
 h - a scroll of fear {unknown}
 k - a scroll of magic mapping {unknown}
 m - a scroll of immolation {unknown}
 n - a scroll of blinking {unknown}
 o - a scroll of enchant weapon {unknown}
Potions
 e - a potion of might {unknown}
 f - a potion of heal wounds {@q2}
 l - a potion of curing {unknown}


   Skills:
 - Level 1.1 Short Blades
 - Level 3.0 Dodging
 + Level 6.3 Stealth
 + Level 3.7 Spellcasting
 * Level 5.2 Hexes


You had 4 spell levels left.
You knew the following spells:

 Your Spells              Type           Power        Failure   Level
a - Corona                Hex            ###....      1%          1
b - Ensorcelled Hibernat  Hex/Ice        ##....       9%          2
c - Dazzling Flash        Conj/Hex       ##....       17%         3

Your spell library contained the following spells:

 Spells                   Type           Power        Failure   Level
 Confusing Touch          Hex            ###.....     5%          3
 Tukima's Dance           Hex            ###.....     5%          3


Dungeon Overview and Level Annotations

Branches:
Dungeon (4/15)
 Temple: D:4-7

Altars:
Vehumet

Annotations:
D:3 2 runed translucent doors, Verendum's ghost, weakling OpTm


Innate Abilities, Weirdness & Mutations

You are very small and have problems with some larger weapons.
You are too small for most types of armour.
You have supernaturally acute eyesight. (SInv)
You cover ground extremely quickly.


Message History

Confirm with . or Enter, or press ? or * to list all spells.
You don't have enough magic to cast that spell.
You closely miss the orc wizard.
The orc wizard is lightly wounded.
The orc wizard misses you.
You hit the orc wizard.
The orc wizard is lightly wounded.
The orc wizard barely misses you.
Casting: Ensorcelled Hibernation (safe; 9% risk of failure)
Confirm with . or Enter, or press ? or * to list all spells.
You don't have enough magic to cast that spell.
You hit the orc wizard but do no damage.
The orc wizard is lightly wounded.
The orc wizard gestures at you while chanting.
The magic dart hits you!
* * * LOW HITPOINT WARNING * * *
You barely miss the orc wizard.
The orc wizard is lightly wounded.
The orc wizard hits you with a +0 dagger.
You die...

####..#
#.###....
#..###.#
..##
#......###.#
###.##....†#
#.####.###
.# #.# .#
#.# #.# #@#
#o# ..# .###
#. #


You could see an orc wizard (invisible).

Vanquished Creatures
  An orc wizard (D:3)
  A worker ant (D:4)
  4 adders
  A leopard gecko (D:4)
  9 orcs
  2 giant cockroaches
  3 goblins (D:3)
  2 hobgoblins
  3 jackals (D:3)
  A kobold (D:1)
  4 frilled lizards
  5 rats
36 creatures vanquished.

Notes
Turn   | Place    | Note
-------+----------+-------------------------------------------
     0 | D:1      | nicanaca0 the Spriggan Enchanter began the quest for the
                  | Orb.
     0 | D:1      | Reached XP level 1. HP: 9/9 MP: 5/5
   430 | D:2      | You fall into a shaft and drop 2 floors!
   520 | D:4      | Reached XP level 2. HP: 12/13 MP: 4/6
   524 | D:4      | Learned a level 2 spell: Ensorcelled Hibernation
   573 | D:4      | Reached skill level 5 in Stealth
   591 | D:4      | Reached XP level 3. HP: 5/16 MP: 3/8
   788 | D:4      | Learned a level 3 spell: Dazzling Flash
  1332 | D:4      | Noticed a scorpion
  1477 | D:3      | Reached XP level 4. HP: 18/21 MP: 2/10
  1746 | D:3      | Found a radiant altar of Vehumet.
  1803 | D:3      | Found a runed translucent door.
  1805 | D:3      | Noticed Verendum's ghost (weakling OpTm)
  1842 | D:3      | Reached skill level 6 in Stealth
  1921 | D:3      | Found a runed translucent door.
  2103 | D:3      | Reached skill level 5 in Hexes
  2127 | D:3      | Slain by an orc wizard

Illustrated notes

Levels and vault maps discovered:
D:1:      roderic_crossed_star, layout_rooms
D:2:      layout_loops_corners, chequers_serial_rivers_large_b,
          grunt_ministairs_1, columned_hall_lemuel, minmay_strange_pillars
D:3:      layout_loops_ring, vehumet_crystals, ebering_ghost_sewer_f
D:4:      layout_layer_cave, wad_rectangle_vault

Skill      XL: |  1  2  3  4 |
---------------+-------------+-----
Stealth        | 5 6 |  6.3
Spellcasting   | 3 |  3.7
Hexes          | 4 5 |  5.2
Short Blades   | |  1.1
Dodging        | |  3.0

Action                   |  1- 3 |  4- 6 || total
-------------------------+-------+-------++-------
Melee: Dagger            |    53 |    62 ||   115
 Cast: Corona            |     6 |     1 ||     7
       Ensorcelled Hiber |     6 |    16 ||    22
  Use: Potion            |     1 |       ||     1
 Stab: Sleeping          |    14 |    14 ||    28
Armor: Robe              |     2 |     5 ||     7
Dodge: Dodged            |    41 |    43 ||    84

Table legend: (Time is in decaauts)
 A = Elapsed time spent in this place.
 B = Non-inter-level travel time spent in this place.
 C = Inter-level travel time spent in this place.
 D = Time resting spent in this place.
 E = Time spent auto-exploring this place.
 F = Levels seen in this place.
 G = Mean time per level.
                   A        B        C        D        E       F      G
               +--------+--------+--------+--------+--------+-----+--------+
         Total |   1708 |   1698 |     10 |    750 |    552 |   4 |  427.0 |
       Dungeon |   1708 |   1698 |     10 |    750 |    552 |   4 |  427.0 |
               +--------+--------+--------+--------+--------+-----+--------+

Top non-repeatable levels by time:
     D:4: 838 daAuts
     D:3: 577 daAuts
     D:1: 255 daAuts
     D:2: 36 daAuts
